AoeStats
← lbaquino21

Arabia

510199269Analyzed
1v1 RM · 1d ago on Sep 29, 2026· 72m 18s· 2 players
Game mode
Random Map
Map size
Tiny (2 player)
Population
200
Speed
Normal
Resources
Standard
Victory
Conquest
Starting age
Dark Age
Ending age
Imperial Age
RankedLock teamsTeams togetherTeam positionsShared explorationLock speedFull tech treeHidden civsTurbo modeCheats
Victory
Defeat
🇧🇷 Teutons · Brazil
386
+21
🇦🇷 Aztecs · Argentina
492
-21
lbaquino21
6:42 Loom
11:02 Feudal Age
11:32 Double-Bit Axe
13:04 Wheelbarrow
13:55 Horse Collar
21:34 Castle Age
20:04 Bloodlines
28:12 Scale Barding Armor
28:22 Forging
28:10 Fletching
28:21 Padded Archer Armor
28:43 Hand Cart
36:30 Masonry
36:13 Heated Shot
38:17 Bow Saw
38:11 Heavy Plow
38:05 Gold Mining
38:05 Stone Mining
40:39 Ironclad
48:21 Ballistics
48:08 Siphons
48:14 Fortified Wall
47:55 Guard Tower
61:15 Imperial Age
59:23 Chain Barding Armor
59:04 Scale Mail Armor
59:39 Iron Casting
59:00 Bodkin Arrow
59:21 Leather Archer Armor
67:22 Conscription
70:31 Crenellations
69:32 Elite Teutonic Knight
70:48 Hoardings
69:45 Sappers
alfonso.matias18
13:41 Feudal Age
12:01 Loom
15:01 Wheelbarrow
14:41 Double-Bit Axe
15:58 Wheelbarrow
22:27 Castle Age
21:11 Horse Collar
23:02 Pikeman
26:00 Forging
27:18 Bow Saw
28:38 Hand Cart
30:58 Heavy Plow
31:08 Squires
31:13 Elite Skirmisher
32:32 Gold Mining
33:53 Fervor
35:30 Fervor
39:43 Ballistics
45:06 Imperial Age
46:10 Iron Casting
45:26 Fletching
45:39 Scale Mail Armor
46:41 Redemption
46:54 Sanctity
46:04 Onager
48:32 Crop Rotation
49:54 Chemistry
49:13 Chain Mail Armor
49:58 Blast Furnace
49:12 Stone Mining
49:57 Gold Shaft Mining
49:09 Treadmill Crane
54:28 Onager
54:32 Capped Ram
57:42 Siege Ram
64:54 Eagle Warrior
Connection lost

Rejoining the realm…

Still unreachable

The connection could not be restored.

Session expired

The server has moved on; the page needs a fresh start.